Map: 트라이튼 - 래더

Players

BlyOnFire (Bly)

  • Race: Zerg Zerg
  • League: Grandmaster
  • Spawn Location: 5:00

Cure - Winner!

  • Race: Terran Terran
  • League: Master
  • Spawn Location: 11:00

VOD

Have the link to the VOD?

Description

Time

  • Played on: Jan. 13, 2020, 3:11 p.m.
  • Length: 12:06
Show
View Real Time Build Order
Export as new Build Order

BlyOnFire Zerg 

Build Orders: Pool First, Muta Ling Bane 

Get SALT Encoding   

  12  0:01  Drone  
  13  0:12  Overlord  
  13  0:17  Drone  
  14  0:30  Drone  
  14  0:31  Drone  
  16  0:40  Spawning Pool  
  15  0:44  Drone  
  15  0:47  Drone  
  17  0:55  Drone  
  18  1:02  Extractor  
  17  1:13  Hatchery  
  17  1:18  Drone  
  17  1:28  Zergling x4  
  17  1:32  Queen  
  21  1:41  Drone  
  22  1:54  Overlord  
  22  2:05  Metabolic Boost  
  22  2:12  Queen  
  24  2:15  Drone  
  24  2:16  Drone  
  26  2:24  Drone  
  26  2:25  Queen  
  28  2:39  Drone x3  
  30  2:47  Zergling x4  
  32  2:53  Drone x3  
  35  3:04  Overlord  
  35  3:12  Drone  
  36  3:13  Lair, Overlord  
  36  3:23  Drone x6  
  36  3:24  Drone  
  43  3:28  Drone  
  43  3:30  Extractor  
  43  3:35  Drone  
  44  3:43  Drone x2  
  44  3:46  Extractor  
  44  3:47  Extractor  
  44  3:54  Drone  
  44  3:55  Drone  
  46  4:04  Drone x3  
  46  4:05  Drone, Overlord  
  46  4:09  Hatchery  
  49  4:12  Spire  
  49  4:15  Zergling x4  
  50  4:17  Overseer  
  50  4:21  Drone x2  
  52  4:37  Overlord  
  52  4:38  Drone x2  
  54  4:40  Drone x4  
  54  4:45  Zergling x2  
  57  4:53  Spore Crawler  
  57  4:54  Spore Crawler  
  55  5:09  Overseer  
  55  5:12  Overlord x2  
  53  5:25  Mutalisk x7  
  66  5:39  Drone x5  
  71  5:44  Evolution Chamber  
  71  5:46  Drone, Evolution Chamber  
  71  5:47  Drone x4  
  74  5:55  Spore Crawler  
  73  5:59  Drone x3  
  73  6:02  Baneling Nest  
  76  6:08  Drone x5  
  81  6:12  Zergling x2  
  81  6:13  Zerg Ground Armor Level 1, Overlord x2  
  81  6:14  Zerg Melee Weapons Level 1  
  81  6:18  Zerg Flyer Weapons Level 1  
  82  6:30  Extractor  
  82  6:32  Extractor, Mutalisk x3  
  82  6:34  Drone  
  85  6:41  Drone x6  
  85  6:44  Hatchery  
  90  6:48  Centrifical Hooks  
  90  6:54  Mutalisk  
  92  7:04  Overlord  
  92  7:06  Drone x3  
  92  7:07  Overlord  
  92  7:08  Hatchery  
  94  7:16  Zergling x6  
  94  7:17  Overlord x2  
  97  7:23  Baneling x5  
  97  7:32  Mutalisk x4  
  101  7:48  Mutalisk x3  
  107  7:59  Zergling x28  
  107  8:03  Zergling x2  
  120  8:07  Overlord x2  
  114  8:17  Zergling x2  
  114  8:18  Zergling x2  
  114  8:19  Baneling x7  
  104  8:24  Overlord  
  95  8:28  Overlord x9  
  88  8:34  Overlord  
  88  8:39  Baneling Nest  
  88  8:40  Overlord  
  79  8:49  Mutalisk x6  
  91  9:02  Zergling x12  
  89  9:11  Drone x2  
  89  9:17  Evolution Chamber  
  89  9:18  Evolution Chamber  
  89  9:20  Zergling x8  
  89  9:21  Burrow  
  91  9:29  Drone x3  
  94  9:35  Baneling x10  
  94  9:41  Zergling x8  
  98  9:47  Zerg Ground Armor Level 2  
  98  9:52  Zergling x8  
  101  10:04  Zergling x12  
  107  10:07  Baneling x8  
  107  10:14  Baneling x10  
  103  10:27  Drone x3  
  103  10:28  Drone x3  
  105  10:41  Zergling x10  
  106  10:47  Queen x3  
  112  10:50  Zergling x2  
  111  10:57  Hatchery  
  110  11:13  Baneling x2  
  110  11:23  Hatchery  
  108  11:31  Zergling x18  
  114  11:40  Baneling x2  
Show
View Real Time Build Order
Export as new Build Order

Cure Terran - Winner!

Build Orders: Reaper Expand, Banshee Rush 

Get SALT Encoding   

  12  0:00  SCV  
  13  0:13  SCV  
  14  0:17  Supply Depot  
  14  0:25  SCV  
  15  0:39  SCV  
  15  0:40  Barracks  
  16  0:43  Refinery  
  16  0:51  SCV  
  17  1:03  SCV  
  18  1:15  SCV  
  19  1:27  Reaper  
  19  1:28  Orbital Command  
  20  1:38  Command Center  
  20  1:48  Supply Depot  
  20  1:53  SCV  
  21  1:59  Marine  
  22  2:05  SCV  
  23  2:11  Factory  
  23  2:15  Refinery  
  23  2:18  SCV  
  23  2:20  Barracks Reactor  
  24  2:30  SCV  
  25  2:42  SCV  
  25  2:54  SCV  
  25  2:57  Starport  
  26  3:01  Orbital Command  
  26  3:03  Hellion x2  
  30  3:06  SCV, Barracks Tech Lab  
  31  3:18  SCV  
  32  3:26  Hellion x2  
  36  3:29  SCV  
  36  3:30  SCV  
  36  3:31  Marine  
  39  3:38  Supply Depot  
  39  3:41  Banshee  
  42  3:42  Cloaking Field  
  42  3:44  SCV x2  
  44  3:50  Barracks Tech Lab  
  44  3:56  SCV x2  
  46  4:03  Supply Depot  
  46  4:08  SCV  
  46  4:09  SCV  
  48  4:13  Command Center  
  48  4:15  Marine, Stimpack  
  49  4:20  SCV  
  49  4:21  SCV  
  49  4:23  Banshee  
  54  4:26  Supply Depot  
  54  4:32  Marine  
  54  4:33  SCV x2  
  57  4:41  Barracks  
  57  4:42  Factory Reactor  
  57  4:43  Barracks  
  57  4:45  SCV x2  
  59  4:50  Marine  
  60  4:56  Engineering Bay  
  60  4:57  Engineering Bay  
  60  5:00  SCV x2  
  60  5:06  Refinery  
  62  5:07  Refinery  
  62  5:08  Marine, Supply Depot  
  63  5:17  Starport Reactor  
  63  5:22  SCV x2  
  63  5:25  Orbital Command  
  63  5:26  Marine  
  66  5:30  Marine  
  66  5:31  Marine  
  66  5:33  Terran Infantry Weapons Level 1, Terran Infantry Armor Level 1  
  66  5:35  SCV x2  
  70  5:38  Marine x2  
  75  5:46  Barracks  
  75  5:49  SCV x2  
  77  5:50  Barracks  
  77  5:51  Supply Depot  
  77  5:57  Marine x5  
  74  6:00  Missile Turret  
  74  6:02  Missile Turret  
  76  6:05  Medivac  
  76  6:06  Combat Shield  
  76  6:08  Medivac, Missile Turret  
  76  6:14  Marine x4  
  76  6:15  Marine  
  78  6:29  Siege Tank  
  78  6:31  SCV  
  78  6:32  SCV x2, Marine x5  
  84  6:43  Orbital Command  
  84  6:47  Medivac x2  
  86  6:48  Supply Depot  
  86  6:49  Barracks Reactor x2  
  86  6:50  Marine x5  
  86  6:53  Armory  
  93  6:56  SCV x2  
  95  7:08  SCV x2, Marine x5  
  97  7:10  SCV, Siege Tank  
  97  7:13  Supply Depot  
  104  7:20  SCV x2, Supply Depot  
  104  7:22  SCV  
  107  7:28  Missile Turret  
  106  7:30  Marine x3  
  106  7:34  Marine x6  
  114  7:39  SCV x3  
  114  7:43  Terran Infantry Armor Level 2  
  117  7:48  Marine  
  118  7:52  Marine x4  
  122  8:01  Marine x3  
  125  8:05  Supply Depot  
  125  8:06  Supply Depot  
  125  8:07  Supply Depot  
  125  8:16  Marine, SCV  
  125  8:17  Marine  
  125  8:18  SCV x2, Marine  
  125  8:19  Marine x2  
  125  8:20  Marine x2  
  125  8:21  Marine  
  125  8:22  Marine  
  125  8:25  Barracks  
  125  8:26  Medivac  
  124  8:27  Medivac  
  124  8:34  Marine  
  122  8:35  Marine  
  122  8:36  Marine  
  122  8:37  Marine x2  
  122  8:38  Marine x3, Barracks  
  122  8:39  Barracks  
  129  8:42  Siege Tank  
  104  8:53  Marine x3  
  104  8:54  Marine  
  104  8:55  Marine x2  
  110  8:56  Marine x2  
  110  8:59  Marine  
  105  9:03  Medivac x2  
  105  9:05  SCV x3  
  112  9:11  Marine x3, Terran Infantry Weapons Level 2  
  112  9:12  Marine x2  
  112  9:13  Marine x2  
  112  9:14  Marine  
  112  9:15  Barracks Reactor  
  112  9:16  Siege Tank  
  118  9:17  Marine  
  119  9:26  Barracks Reactor x2  
  119  9:28  Marine x2  
  119  9:29  Marine, Sensor Tower  
  119  9:30  Supply Depot  
  119  9:31  Supply Depot  
  122  9:33  Medivac  
  124  9:41  Marine x6  
  124  9:43  Medivac  
  132  9:46  Marine x2  
  134  9:57  Marine x3  
  134  9:59  Marine x5  
  139  10:03  Medivac  
  134  10:08  Marine  
  134  10:09  Marine x6  
  139  10:15  Marine x3  
  139  10:17  Medivac  
  139  10:18  Marine x4  
  139  10:19  Marine  
  149  10:26  Marine x4  
  149  10:27  Marine x3  
  153  10:32  Marine x2  
  153  10:33  Marine, Medivac  
  154  10:36  Marine x4  
  154  10:37  Marine  
  151  10:44  Marine x6, Siege Tank  
  151  10:47  Medivac  
  162  10:51  Sensor Tower  
  162  10:52  Supply Depot  
  162  10:53  Marine x3  
  162  10:55  Supply Depot  
  165  10:57  Marine  
  165  10:58  Marine  
  165  11:13  Marine x4  
  165  11:14  Marine x2, Medivac  
  165  11:17  Marine x3  
  176  11:21  Marine x6  
  179  11:27  Medivac  
  181  11:34  Supply Depot  
  181  11:35  Marine x9  
  181  11:39  Marine  
Tags
 
Add a new tag
Caveats
  • Supply blocks, unpowered buildings, or Contaminate may cause inaccurate times.
  • Supply counts are checked every 10 seconds.